Unix NetHack Version 5.0.0-0 post-release - last build May  4 2026 22:22:43 (774f63e81ad911689b3a0859ea89b322d5daca8d,branch:main).

Game began 2026-05-06 07:02:56, ended 2026-05-06 08:06:46.

2460080212, lawful female human Valkyrie

                                                           --------------
                                                           +............|
                                                           |............|
                                                           -............|
                                                           |............|
                                                           |......<.....|
                                                           -------.------
                                                                  #
                                                                  #B@##
                                                                      #
                                                                      #
                                                                      +

2460080212 the Skirmisher   St:17 Dx:16 Co:18 In:7 Wi:9 Ch:9  Lawful
Dlvl:5  $:77 HP:0(33) Pw:10(10) AC:10 Xp:3 T:2521 

Latest messages:
 You see here a cyan potion.
 You swap places with your little dog.
 You see here a cyan potion.
 There are several objects here.
 You fall down the stairs.
 The newt just misses!
 You miss the newt.
 The little dog bites the newt.
 The little dog bites the newt.
 The newt is killed!
 Your little dog grows up into a dog.
 You can't open anything -- you have no hands!
 You can't open anything -- you have no hands!
 You can't open anything -- you have no hands!
 You can't open anything -- you have no hands!
 You can't open anything -- you have no hands!
 The dwarf zombie opens a door.
 You can't open anything -- you have no hands!
 You can't open anything -- you have no hands!
 You stop.  Your dog is in the way!
 You hear the footsteps of a guard on patrol.
 You swap places with your dog.
 You bite the dwarf zombie.
 The dwarf zombie hits!
 The giant bat bites!
 You miss the dwarf zombie.
 The giant bat bites!
 The giant bat bites!
 You return to human form!
 Your movements are now unencumbered.
 The giant bat bites!
 You hit the giant bat.
 The giant bat bites!
 You swap places with your dog.
 You swap places with your dog.
 The dog misses the giant bat.
 The giant bat bites!
 The dog misses the giant bat.
 It misses the giant bat.
 The giant bat bites!
 You miss the giant bat.
 The giant bat bites!
 It bites the giant bat.
 The giant bat bites!
 You die...
 Do you want your possessions identified? [ynq] (y) n
 Do you want to see your attributes? [ynq] (y) n
 Do you want an account of creatures vanquished? [ynaq] (y) n
 Do you want to see your conduct and achievements? [ynq] (y) n
 Do you want to see the dungeon overview? [ynq] (y) n

Inventory:
 Coins    ('$')
  $ - 77 gold pieces
 Weapons  (')')
  h - a +0 spear
 Armor    ('[')
  i - an uncursed +0 leather armor
 Potions  ('!')
  n - an uncursed potion of gain energy

2460080212 the Valkyrie's attributes:

Background:
 You were a Skirmisher, a level 3 human Valkyrie.
 You were lawful, nominally on a mission for Tyr
 who was opposed by Odin (neutral) and Loki (chaotic).
 You were right-handed.
 You were in the Dungeons of Doom, on level 5.
 You entered the dungeon 2521 turns ago.
 You had 60 experience points, 20 more were needed to attain level 4.

Basics:
 You had 0 out of 33 hit points.
 You had all 10 energy points (spell power).
 Your armor class was 10.
 Your wallet contained 77 zorkmids.
 Autopickup was off.

Final Characteristics:
 Your strength was 17 (limit:18/100).
 Your dexterity was 16 (limit:18).
 Your constitution was 18 (limit:18).
 Your intelligence was 7 (limit:18).
 Your wisdom was 9 (limit:18).
 Your charisma was 9 (limit:18).

Final Status:
 You weren't hungry.
 You were unencumbered.
 You were bare handed.
 You were unskilled in bare handed combat.
 You weren't wearing any armor.

Final Attributes:
 You were piously aligned.
 You were cold resistant.
 You were level-drain resistant.
 You were stealthy.
 You were a werejackal.
 You were harmed by silver.
 You are dead.

Miscellaneous:
 You didn't encounter any bones levels.
 Total elapsed playing time was 42 minutes and 57 seconds.

Major events:
 Turn
    1: 2460080212 the lawful human Valkyrie entered the dungeon
 1877: attained the rank of Skirmisher (level 3)
 2521: killed by a giant bat

You didn't know any spells.

Skills:
 Fighting Skills
   bare handed combat [Unskilled]
   two weapon combat  [Unskilled]
   riding             [Unskilled]
 Weapon Skills
   dagger             [Basic]
   axe                [Unskilled]
   pick-axe           [Unskilled]
   short sword        [Unskilled]
   broadsword         [Unskilled]
   long sword         [Unskilled]
   two-handed sword   [Unskilled]
   saber              [Unskilled]
   hammer             [Unskilled]
   quarterstaff       [Unskilled]
   polearms           [Unskilled]
   spear              [Basic]
   trident            [Unskilled]
   lance              [Unskilled]
   sling              [Unskilled]
 Spellcasting Skills
   attack spells      [Unskilled]
   escape spells      [Unskilled]

Voluntary challenges:
 Character rerolling was not enabled.
 You were an atheist.
 You were illiterate.
 You never genocided any monsters.
 You never polymorphed an object.
 You used no wishes.
Achievements:
 You entered a shop.
 You attained the rank of Skirmisher.

 The Dungeons of Doom: levels 1 to 5
    Level 1:
       Many fountains.
    Level 2:
       A food shop, a grave.
    Level 3:
       A fountain.
    Level 4:
    Level 5: <- You were here.
       Final resting place for
          you, killed by a giant bat.


Vanquished creatures:
  a homunculus
  a giant bat
  2 dwarf zombies
  a werejackal
  a hobgoblin
  2 giant rats
  a cave spider
  a yellow mold
  a green mold
  a gecko
  4 jackals
  a fox
  a goblin
  5 sewer rats
  4 grid bugs
  2 lichens
  a kobold zombie
  7 newts
37 creatures vanquished.

No species were genocided or became extinct.

Game over:
                       ----------
                      /          \
                     /    REST    \
                    /      IN      \
                   /     PEACE      \
                  /                  \
                  |    2460080212    |
                  |      77 Au       |
                  |   killed by a    |
                  |    giant bat     |
                  |                  |
                  |                  |
                  |       2026       |
                 *|     *  *  *      | *
        _________)/\\_//(\/(/\)/\//\/|_)_______

Farvel 2460080212 the Valkyrie...

You died in The Dungeons of Doom on dungeon level 5 with 510 points,
and 77 pieces of gold, after 2521 moves.
You were level 3 with a maximum of 33 hit points when you died.

